 Dungeon Crawl Stone Soup version 0.31-a0-446-g07c4bd200f (webtiles) character file.

Game seed: 17667952966382583195

292582 Ethylacetat the Impaler (level 20, 0/93 (110) HPs)
             Began as a Vine Stalker Monk on Aug 3, 2023.
             Was an Initiate of Gozag.
             Slain by a vault warden
             ... wielding a +1 battleaxe of flaming
              (2 damage)
             ... on level 3 of the Vaults.
             The game lasted 02:35:00 (37937 turns).

Ethylacetat the Impaler (Vine Stalker Monk)        Turns: 37937, Time: 02:35:00

HP:   0/93 (110)    AC: 29    Str: 19    XL:     20   Next: 80%
MP:   0/48          EV: 12    Int: 10    God:    Gozag
Gold: 14805         SH:  5    Dex: 25    Spells: 44/48 levels left

rFire   + + .        a - +5 scythe "Finisher" {speed, execute}
rCold   . . .        (shield currently unavailable)
rNeg    . . .        m - +8 chain mail of Evigog {rF+ Str+4}
rPois   +            Y - +1 helmet of Catz {Rampage rF+ MP+9}
rElec   .            y - scarf {repulsion}
rCorr   +            l - +1 pair of gloves of Charity {rPois Stlth+}
SInv    .            W - +3 pair of seven-league boots {Rampage+∞}
Will    +++..        n - amulet of reflection Stlth
                     S - +4 ring of slaying
HPRegen 1.15/turn    s - ring of the Stag {Will+ rCorr}
MPRegen 0.31/turn

%: repel missiles, reflection, guardian spirit, rampage+∞
@: about to teleport, frozen, heavily drained, very slow
A: fangs 3, regeneration 1, magic shield, antimagic bite, no potion heal 2,
talons 1, screaming 1
}: 2/15 runes: serpentine, barnacled
a: Renounce Religion, Potion Petition, Call Merchant, Bribe Branch


You were on level 3 of the Vaults.
You worshipped Gozag.
Gozag was extremely pleased with you.
You visited 7 branches of the dungeon, and saw 33 of its levels.
You visited the Abyss 2 times.
You also visited: Ossuary and Bailey.

You collected 15334 gold pieces.
You spent 529 gold pieces at shops.

Inventory:

Hand Weapons
 a - the +5 scythe "Finisher" (weapon) {speed, execute}
   (You found it on level 10 of the Dungeon)
Missiles
 V - 5 throwing nets (quivered)
Armour
 l - the +1 pair of gloves of Charity (worn) {rPois Stlth+}
   (You found it on level 2 of the Lair of Beasts)

   rPois:     It protects you from poison.
   Stlth:     It makes you more stealthy.
 m - the +8 chain mail of Evigog (worn) {rF+ Str+4}
   (You took it off a hobgoblin on level 2 of the Dungeon)

   Str:       It affects your strength (+4).
   rF:        It protects you from fire.
 y - a scarf of repulsion (worn)
 W - the +3 pair of seven-league boots (worn) {Rampage+∞}
   (You found it on level 4 of the Lair of Beasts)

   Rampage+∞: When moving toward enemies, its wearer moves as far as possible,
   alerting their target en route.
 Y - the +1 helmet of Catz (worn) {Rampage rF+ MP+9}
   (You found it on level 1 of the Shoals)

   rF:        It protects you from fire.
   MP:        It affects your magic capacity (+9).
   Rampage:   It bestows one free step when moving towards enemies.
Jewellery
 n - an amulet of reflection (around neck)
 s - the ring of the Stag (right hand) {Will+ rCorr}
   (You found it on level 3 of the Shoals)

   [ring of willpower]

   rCorr:     It protects you from acid and corrosion.
   Will:      It increases your willpower.
 J - a +4 ring of protection
 S - a +4 ring of slaying (left hand)
Talismans
 F - a talisman of death
Wands
 c - a wand of digging (18)
 E - a wand of iceblast (18)
 G - a wand of flame (37)
Scrolls
 b - 4 scrolls of revelation
 d - 20 scrolls of identify
 e - 5 scrolls of acquirement
 f - 4 scrolls of blinking
 g - 8 scrolls of teleportation
 i - 4 scrolls of poison
 r - 3 scrolls of amnesia
 t - 5 scrolls of enchant weapon
 u - 2 scrolls of silence
 w - 5 scrolls of immolation
 x - 6 scrolls of fog
 C - 5 scrolls of torment
 D - 2 scrolls of fear
 O - 4 scrolls of enchant armour
 P - a scroll of brand weapon
Potions
 h - 10 potions of mutation
 j - a potion of cancellation
 k - 2 potions of magic
 o - 2 potions of brilliance
 p - 8 potions of curing
 z - 2 potions of lignification
 H - 4 potions of resistance
 I - 2 potions of haste
 L - 4 potions of enlightenment
 N - 2 potions of might
 X - 5 potions of attraction
 Z - a potion of berserk rage
Miscellaneous
 K - a lightning rod (4/4)
 M - a tin of tremorstones (2/2)
 Q - a phantom mirror


   Skills:
 - Level 13.8 Fighting
 + Level 17.0 Polearms
 - Level 10.1 Armour
 - Level 5.2 Dodging
 - Level 3.4 Shields
 - Level 12.1 Unarmed Combat
 - Level 14.5 Spellcasting
 - Level 7.0 Translocations
 * Level 14.8 Shapeshifting


You had 44 spell levels left.
You knew the following spells:

 Your Spells              Type           Power      Damage    Failure   Level
a - Manifold Assault      Tloc           21%        N/A       28%         4

Your spell library contained the following spells:

 Spells                   Type           Power      Damage    Failure   Level
 Blink                    Tloc           42%        N/A       4%          2
 Portal Projectile        Hex/Tloc       28%        N/A       36%         3
 Vhi's Electric Charge    Tloc/Air       28%        N/A       36%         3
 Freeze                   Ice            28%        1d5       45%         1
 Magic Dart               Conj           28%        1d4       45%         1
 Sandblast                Erth           14%        2d6       45%         1
 Summon Small Mammal      Summ           28%        N/A       45%         1
 Call Imp                 Summ           14%        N/A       61%         2
 Ensorcelled Hibernation  Hex/Ice        14%        N/A       61%         2
 Passwall                 Tmut/Erth      5%         N/A       61%         2
 Call Canine Familiar     Summ           7%         N/A       83%         3
 Frozen Ramparts          Ice            14%        1d3       83%         3
 Hailstorm                Conj/Ice       7%         3d4       83%         3
 Inner Flame              Hex/Fire       7%         N/A       83%         3
 Mephitic Cloud           Conj/Pois/Air  7%         N/A       83%         3
 Ozocubu's Armour         Ice            7%         N/A       83%         3
 Stone Arrow              Conj/Erth      14%        3d7       83%         3
 Summon Guardian Golem    Hex/Summ       7%         N/A       83%         3
 Swiftness                Air            7%         N/A       83%         3
 Summon Forest            Summ/Tloc      7%         N/A       98%         5
 Anguish                  Hex/Necr       3%         N/A       99%         4
 Leda's Liquefaction      Hex/Erth       3%         N/A       99%         4
 Petrify                  Tmut/Erth      7%         N/A       99%         4
 Arcjolt                  Conj/Air       3%         1d13      100%        5
 Fireball                 Conj/Fire      3%         3d4       100%        5
 Iskenderun's Battlesphe  Conj           7%         2d6       100%        5
 Metabolic Englaciation   Hex/Ice        3%         N/A       100%        5
 Summon Mana Viper        Hex/Summ       7%         N/A       100%        5
 Yara's Violent Unravell  Hex/Tmut       3%         3d4       100%        5
 Conjure Ball Lightning   Conj/Air       3%         3x3d6     100%        6
 Eringya's Noxious Bog    Tmut/Pois      3%         4d6       100%        6
 Leda's Unmaking          Conj/Erth      3%         9d1       100%        6
 Summon Cactus Giant      Summ           3%         N/A       100%        6
 Enfeeble                 Hex            3%         N/A       100%        7
 Haunt                    Necr/Summ      3%         N/A       100%        7
 Orb of Destruction       Conj           3%         9d5       100%        7
 Spellforged Servitor     Conj/Summ      3%         N/A       100%        7
 Infestation              Necr           3%         N/A       100%        8
 Maxwell's Capacitive Co  Air            3%         ∞         100%        8
 Animate Dead             Necr           Unusable   N/A       N/A         4

Dungeon Overview and Level Annotations

Branches:
Dungeon (15/15)            Temple (1/1) D:5            Lair (4/5) D:11
 Shoals (4/4) Lair:3        Snake (4/4) Lair:3        Slime (0/5) Lair:4
    Orc (2/2) D:12            Elf (0/3) Orc:2        Vaults (3/5) D:14
 Depths (0/4) D:15        Ossuary (visited)          Bailey (visited)
  Crypt: Vaults:2-3

Altars:
Ashenzari
Cheibriados
Dithmenos
Elyvilon
Fedhas
Gozag
Hepliaklqana
Kikubaaqudgha
Makhleb
Nemelex Xobeh
Okawaru
Qazlal
Ru
Sif Muna
Trog
Uskayaw
Vehumet
Wu Jian
Xom
Yredelemnul
Zin
The Shining One

Shops:
Orc:2 ?:[(   Shoals:1 *   Snake:2 ((

Annotations:
Snake:1 6 transporters


Innate Abilities, Weirdness & Mutations

You have razor-sharp teeth.
Your natural rate of healing is unusually fast.
When hurt, damage is shared between your health and your magic reserves.
Your bite disrupts and absorbs the magic of your enemies.
Potions cannot restore your health.
You have sharp toenails.
You occasionally shout uncontrollably at your foes.


Message History

You feel strangely unstable.
The vault warden's magic is no longer disrupted.
The ironbound frostheart is no longer distracted by gold.
The vault warden hits you with a +2 war axe of draining!
You feel drained.
The vault guard hits you but does no damage.
The vault warden blocks your attack. x2
The vault warden is lightly wounded.
The ice encasing you melts away.
The vault warden hits you but does no damage.
The ironbound frostheart calls freezing cold from the walls.
The frost grips you!
You are encased in ice.
The vault warden hits you with a +2 war axe of draining!
* * * LOW HITPOINT WARNING * * *
You feel drained.
* * * LOW HITPOINT WARNING * * *
The vault guard attacks as you move away!
The vault guard hits you with a +0 heavy dire flail!
* * * LOW HITPOINT WARNING * * *
The vault warden attacks as you move away!
The vault warden hits you but does no damage.
You feel drained.
The vault warden hits you with a +1 battleaxe of flaming.
* * * LOW HITPOINT WARNING * * *
The vault warden attacks as you move away!
The vault warden hits you but does no damage.
The vault warden activates a sealing rune.
A door slams shut!
The vault warden hits you with a +1 battleaxe of flaming!
* * * LOW HITPOINT WARNING * * *
The vault warden burns you.
* * * LOW HITPOINT WARNING * * *
You see here 2 gold pieces.
The vault warden attacks as you move away!
The vault warden hits you with a +1 battleaxe of flaming!
* * * LOW HITPOINT WARNING * * *
The vault warden burns you.
You die...
Your body crumbles into a pile of gold.

######## #......#
########......#
.......#.[)...#
.......#....$.#
.......#..$...#
.......#....<.# ####
.......#...@..# .....
.......+...ppp#......
.......#..$.p.+..=...
#############p#......
p.# ..... ...# ....
....# ... .....# ..
......+ .


You could see 2 vault wardens, a vault guard and 2 ironbound frosthearts.

Vanquished Creatures
  Mara (Snake:3)
  Boris (Vaults:2)
  Saint Roka (Orc:2)
  Vashnia (Snake:4)
  Mlioglotl (Shoals:4)
  2 liches
  Rupert (D:15)
  An Executioner (Abyss:2)
  A quicksilver dragon (shapeshifter) (D:15)
  2 krakens (Shoals:3)
  Kirke (Lair:4)
  A tentacled starspawn (Abyss:2)
  A tengu reaver (Vaults:1)
  Aizul (Snake:1)
  8 nagarajas
  Donald (Snake:4)
  2 vault wardens (Vaults:2)
  A deep elf elementalist (Abyss:2)
  2 orc warlords
  A very ugly thing (D:15)
  9 ironbound preservers
  A stone giant (Vaults:1)
  2 formless jellyfish
  The ghost of Xaewif the Skirmisher, a journeyman GnHu of Cheibriados (Lair:4)
  3 ironbound thunderhulks
  Nessos (D:15)
  3 dire elephants (Vaults:2)
  A minotaur (D:13)
  The ghost of Viqonant the Marksspriggan, a journeyman SpHu of Hepliaklqana (Shoals:3)
  The ghost of Soborki the Severer, a journeyman MiBe of Trog (Lair:2)
  2 merfolk javelineers (Shoals:4)
  The ghost of Ethylacetat the Spear-Bearer, a journeyman VSMo (D:13)
  11 merfolk impalers
  A great orb of eyes (Vaults:1)
  Josephine (Orc:2)
  A yaktaur captain (Vaults:2)
  2 salamander tyrants
  3 rakshasas
  7 hydras
  An ogre mage (D:15)
  13 anacondas
  3 merfolk avatars
  2 alligator snapping turtles
  5 ironbound frosthearts
  3 vault guards (Vaults:2)
  2 catoblepae
  11 centaur warriors
  7 merfolk aquamancers
  5 two-headed ogres
  A satyr (Shoals:2)
  5 tengu warriors
  5 death yaks
  10 boulder beetles
  3 orc high priests
  11 naga warriors
  17 naga sharpshooters
  2 wretched stars (Abyss:2)
  5 shock serpents
  Amaemon (Lair:2)
  5 skysharks
  8 salamander mystics
  32 sea snakes
  7 skeletal warriors
  4 glowing orange brains
  6 naga ritualists
  24 harpies
  29 slime creatures
  18 deep trolls
  3 lindwurms (Vaults:1)
  5 orc knights
  7 mana vipers
  2 necromancers (Vaults:2)
  2 phantasmal warriors
  10 ironbound convokers
  3 wizards (Vaults:2)
  A deep elf pyromancer (D:13)
  20 ugly things
  An orc sorcerer (Orc:2)
  11 manticores
  5 oklob plants
  A worldbinder (Abyss:2)
  A moth of wrath (Lair:2)
  36 black mambas
  26 salamanders
  14 cyclopes
  8 guardian serpents
  Maurice (D:10)
  11 merfolk sirens
  20 naga magi
  An eye of devastation (shapeshifter) (D:14)
  4 water nymphs
  3 elephants (Lair:3)
  4 smoke demons
  8 vault sentinels
  12 cane toads
  3 unseen horrors
  An orange demon (Lair:2)
  A rime drake (shapeshifter) (D:14)
  A rime drake (Lair:3)
  6 kobold demonologists
  8 komodo dragons
  5 yaktaurs (Vaults:2)
  3 tengu conjurers
  2 efreet
  An ancient zyme (Abyss:3)
  6 trolls
  39 merfolk
  3 meliai (D:15)
  A troll (shapeshifter) (D:14)
  2 wind drakes
  A hellwing (Abyss:3)
  A hornet (D:10)
  A polar bear (Lair:4)
  Grinder (D:4)
  3 raiju
  2 blink frogs
  8 snapping turtles
  4 large abominations
  4 dream sheep
  A merfolk skeleton (Abyss:2)
  An ettin skeleton (Abyss:2)
  A centaur simulacrum (D:13)
  2 vampires
  9 wraiths
  3 shadows
  48 yaks
  3 ynoxinuls
  7 water elementals
  3 spriggans (Lair:2)
  5 wyverns
  6 basilisks
  Grum (D:10)
  9 vampire mosquitoes
  A neqoxec (Abyss:2)
  A warg (Orc:1)
  2 steam dragons
  A redback (shapeshifter) (D:15)
  An acid dragon (D:11)
  46 nagas
  13 water moccasins
  3 ice beasts
  2 meliai simulacra (D:13)
  46 orc warriors
  3 black bears
  A sky beast (D:8)
  An ettin simulacrum (Abyss:2)
  2 boggarts (D:13)
  10 ogres
  29 wolves
  11 starcursed masses (Abyss:2)
  5 centaurs
  6 small abominations
  5 kobold brigands (D:13)
  4 elf zombies (Ossuary)
  12 bullfrogs
  2 gnoll sergeants (D:8)
  6 scorpions
  14 wights
  An electric eel (Snake:4)
  8 howler monkeys
  3 human zombies (Ossuary)
  A centaur zombie (Ossuary)
  24 orc priests
  3 hounds
  Jessica (D:3)
  A gnoll bouda (D:5)
  28 orc wizards
  An iguana (D:5)
  2 mummies (Ossuary)
  24 gnolls
  9 adders
  A shadow imp (Abyss:3)
  6 white imps
  An ufetubus (D:13)
  2 adder zombies (Ossuary)
  A worm (D:4)
  A dart slug (D:1)
  121 orcs
  5 ball pythons
  4 bats
  8 endoplasms
  3 giant cockroaches
  20 goblins
  18 hobgoblins
  2 jackals (D:2)
  11 kobolds
  3 quokkas
  2 frilled lizards (D:2)
  10 hobgoblin zombies (Ossuary)
  9 kobold zombies (Ossuary)
  7 orc zombies (Ossuary)
  7 rats
  2 starspawn tentacles
  4 tentacles (Shoals:3)
1335 creatures vanquished.

Vanquished Creatures (others)
  An ironbound convoker (Vaults:1)
  3 humans (Lair:4)
  3 starspawn tentacles
  26 tentacles (Shoals:3)
33 creatures vanquished.

Grand Total: 1368 creatures vanquished

Notes
Turn   | Place    | Note
-------+----------+-------------------------------------------
     0 | D:1      | Ethylacetat the Vine Stalker Monk began the quest for the
                  | Orb.
     0 | D:1      | Reached XP level 1. HP: 11/11 MP: 2/2
    95 | D:1      | Reached XP level 2. HP: 11/16 MP: 3/3
   248 | D:1      | Found a faded altar of an unknown god.
   280 | D:1      | Prayed at the altar of an unknown god.
   280 | D:1      | Became a worshipper of Gozag Ym Sagoz the Greedy
   681 | D:2      | Reached XP level 3. HP: 17/20 MP: 4/4
   781 | D:2      | HP: 1/20 [poisoned by a kobold]
   990 | D:2      | Identified the +8 chain mail of Evigog {rF+ Str+4}
  1091 | D:2      | Reached skill level 1 in Spellcasting
  1183 | D:2      | Gained mutation: Your natural rate of healing is unusually
                  | fast. [Vine Stalker growth]
  1183 | D:2      | Reached XP level 4. HP: 19/24 MP: 4/6
  1646 | D:3      | Found a faded altar of an unknown god.
  1646 | D:3      | Noticed Jessica
  1648 | D:3      | Found a hazy altar of Hepliaklqana.
  1651 | D:3      | Killed Jessica
  1652 | D:3      | Reached XP level 5. HP: 28/28 MP: 8/8
  2122 | D:4      | Found a radiant altar of Vehumet.
  2150 | D:4      | Noticed Grinder
  2167 | D:4      | Killed Grinder
  2168 | D:4      | Reached skill level 5 in Unarmed Combat
  2168 | D:4      | Reached XP level 6. HP: 33/33 MP: 9/11
  2259 | D:4      | Found a white marble altar of Elyvilon.
  2350 | D:4      | Found a basalt altar of Yredelemnul.
  2494 | D:4      | Reached XP level 7. HP: 36/37 MP: 10/12
  2689 | D:5      | Entered Level 5 of the Dungeon
  2815 | D:5      | Found a burning altar of Makhleb.
  2822 | D:5      | Identified the +5 robe "Tapu" {rC++ Str+3 Slay-5}
  3119 | D:5      | Gained mutation: You have razor-sharp teeth. [Vine Stalker
                  | growth]
  3119 | D:5      | Reached XP level 8. HP: 42/42 MP: 14/14
  3157 | D:5      | Found a staircase to the Ecumenical Temple.
  3391 | Temple   | Entered the Ecumenical Temple
  3472 | D:6      | Reached skill level 5 in Fighting
  4205 | D:7      | Found a sand-covered staircase.
  4209 | Ossuary  | Entered an ossuary
  4407 | Ossuary  | Reached skill level 5 in Spellcasting
  4544 | D:7      | Reached XP level 9. HP: 48/48 MP: 17/17
  4683 | D:7      | You fall into a shaft and drop 2 floors!
  4943 | D:7      | Found an ornate altar of the Wu Jian Council.
  5011 | D:7      | Reached skill level 1 in Shields
  5426 | D:8      | Found a glowing golden altar of the Shining One.
  5476 | D:8      | Found a shadowy altar of Dithmenos.
  5509 | D:8      | Found an opulent altar of Gozag.
  6047 | D:8      | Noticed a two-headed ogre
  6056 | D:8      | Killed a two-headed ogre
  6057 | D:8      | Reached XP level 10. HP: 36/53 MP: 20/20
  6433 | D:9      | Reached skill level 10 in Unarmed Combat
  6449 | D:9      | Reached skill level 1 in Armour
  6516 | D:9      | Found a broken altar of Ashenzari.
  6682 | D:9      | Found a blossoming altar of Fedhas.
  6798 | D:9      | Found a bloodstained altar of Trog.
  6822 | D:9      | Found a shimmering blue altar of Sif Muna.
  6835 | D:9      | Got Sif Muna's Verses on Glacial Generation
  7037 | D:10     | Entered Level 10 of the Dungeon
  7037 | D:10     | Noticed Maurice
  7048 | D:10     | Killed Maurice
  7124 | D:10     | Noticed Grum
  7130 | D:10     | Killed Grum
  7131 | D:10     | Reached XP level 11. HP: 56/58 MP: 20/22
  7161 | D:10     | Found a flagged portal.
  7183 | Bailey   | Entered a bailey
  7351 | Bailey   | Reached skill level 5 in Dodging
  7403 | Bailey   | Noticed an orc knight
  7424 | Bailey   | Killed an orc knight
  7548 | Bailey   | Noticed an orc warlord
  7550 | Bailey   | Gained mutation: You have sharp toenails. [potion of
                  | mutation]
  7555 | Bailey   | Noticed an orc knight
  7657 | Bailey   | Killed an orc warlord
  7728 | Bailey   | Killed an orc knight
  7957 | D:10     | Noticed a skeletal warrior
  7975 | D:10     | Killed a skeletal warrior
  7996 | D:10     | Found the +5 scythe "Finisher" {speed, execute}
  8144 | D:10     | Reached skill level 1 in Polearms
  8218 | D:10     | Found a glowing silver altar of Zin.
  8218 | D:10     | Found a stormy altar of Qazlal.
  8290 | D:10     | Reached XP level 12. HP: 60/65 MP: 22/25
  8613 | D:11     | Reached skill level 2 in Polearms
  8670 | D:11     | Noticed a boulder beetle
  8679 | D:11     | Killed a boulder beetle
  9063 | D:11     | Found a staircase to the Lair.
  9069 | D:11     | Noticed a boulder beetle
  9088 | D:11     | Killed a boulder beetle
  9144 | D:12     | Noticed a two-headed ogre
  9147 | D:12     | Killed a two-headed ogre
  9148 | D:12     | Reached skill level 3 in Polearms
  9148 | D:12     | Reached skill level 5 in Armour
  9296 | D:12     | Found a staircase to the Orcish Mines.
  9538 | D:12     | Noticed a boulder beetle
  9556 | D:12     | Killed a boulder beetle
  9626 | D:12     | Noticed a two-headed ogre
  9640 | D:12     | Killed a two-headed ogre
  9641 | D:12     | Reached skill level 4 in Polearms
  9682 | D:12     | Noticed a boulder beetle
  9707 | D:12     | Killed a boulder beetle
 10099 | D:13     | Reached XP level 13. HP: 71/71 MP: 27/27
 10307 | D:13     | Reached skill level 5 in Polearms
 10371 | D:13     | Reached skill level 10 in Spellcasting
 10514 | D:13     | Reached skill level 10 in Fighting
 10783 | D:13     | Reached skill level 6 in Polearms
 11095 | D:13     | Noticed Ethylacetat's ghost (journeyman VSMo)
 11142 | D:13     | Noticed a minotaur
 11153 | D:13     | Found a runed translucent gate.
 11153 | D:13     | Found a runed translucent gate.
 11153 | D:13     | Found a runed translucent gate.
 11483 | D:13     | Killed Ethylacetat's ghost
 11486 | D:13     | Killed a minotaur
 11834 | D:14     | Reached skill level 7 in Polearms
 11834 | D:14     | Reached XP level 14. HP: 66/77 MP: 24/30
 12378 | D:14     | Found a gate to the Vaults.
 12539 | Lair:1   | Entered Level 1 of the Lair of Beasts
 13487 | Lair:2   | Noticed Amaemon
 13523 | Lair:2   | Killed Amaemon
 13524 | Lair:2   | Reached skill level 8 in Polearms
 13800 | Lair:2   | Found a transporter.
 13813 | Lair:2   | Identified the orb of the Albatross {*channel, Str+5 Int+3}
 14053 | Lair:2   | Found a transporter.
 14058 | Lair:2   | Noticed Soborki's ghost (journeyman MiBe)
 14998 | Lair:3   | Found a white marble altar of Elyvilon.
 15101 | Lair:3   | Found a staircase to the Snake Pit.
 15259 | Lair:3   | Found a staircase to the Shoals.
 15948 | Lair:4   | Reached XP level 15. HP: 84/84 MP: 32/32
 16033 | Lair:4   | Noticed Xaewif's ghost (journeyman GnHu)
 16048 | Lair:4   | Found a transporter.
 16110 | Lair:4   | Found a transporter.
 16131 | Lair:4   | Got the Secrets of Poison and Curses
 16145 | Lair:4   | Found a staircase to the Slime Pits.
 16352 | Lair:4   | Reached skill level 9 in Polearms
 16581 | Lair:4   | Noticed Kirke
 16589 | Lair:4   | Killed Kirke
 16879 | Lair:4   | Found the +3 pair of seven-league boots {Rampage+∞}
 17301 | Lair:4   | Learned a level 4 spell: Manifold Assault
 17422 | Lair:2   | Killed Soborki's ghost
 17480 | Lair:2   | Reached skill level 1 in Translocations
 17487 | Lair:2   | Identified the +1 pair of gloves of Charity {rPois Stlth+}
 17866 | Lair:4   | Killed Xaewif's ghost
 18052 | Orc:1    | Entered Level 1 of the Orcish Mines
 18247 | Orc:2    | Entered Level 2 of the Orcish Mines
 18248 | Orc:2    | Noticed Josephine
 18254 | Orc:2    | Killed Josephine
 18660 | Orc:2    | Found a staircase to the Elven Halls.
 18712 | Orc:2    | Noticed Saint Roka
 18732 | Orc:2    | Reached skill level 10 in Polearms
 18894 | Orc:2    | Killed Saint Roka
 18967 | Orc:2    | Found Betiu's Antique Armour Shop.
 18970 | Orc:2    | Found Wegaolu's Antique Weapon Boutique.
 19087 | Orc:2    | Found Arretzec's Book Emporium.
 19389 | Orc:2    | Found Wyvovan's Magic Scroll Boutique.
 19400 | Orc:2    | Bought a scroll of poison for 44 gold pieces
 19400 | Orc:2    | Bought a scroll of immolation for 44 gold pieces
 19400 | Orc:2    | Bought a scroll of fear for 44 gold pieces
 19400 | Orc:2    | Bought 3 scrolls of blinking for 247 gold pieces
 19682 | Orc:1    | Noticed an orc warlord
 19698 | Orc:1    | Killed an orc warlord
 20059 | D:15     | Entered Level 15 of the Dungeon
 20059 | D:15     | Noticed Nessos
 20163 | D:15     | Reached XP level 16. HP: 83/90 MP: 34/34
 20196 | D:15     | Killed Nessos
 20326 | D:15     | Found a bloodstained altar of Trog.
 20527 | D:15     | Reached skill level 11 in Polearms
 20713 | D:15     | Noticed Rupert
 20720 | D:15     | Killed Rupert
 21041 | D:15     | Noticed an azure jelly
 21043 | D:15     | an azure jelly changed into a quicksilver dragon
 21043 | D:15     | Noticed a quicksilver dragon (glowing shapeshifter)
 21049 | D:15     | Reached skill level 5 in Translocations
 21059 | D:15     | Killed a quicksilver dragon
 21109 | D:15     | Found a staircase to the Depths.
 21334 | Shoals:1 | Entered Level 1 of the Shoals
 21377 | Shoals:1 | Found Hiaqiril's Humungous Hoard.
 21790 | Shoals:1 | Bought a potion of haste for 150 gold pieces
 21923 | Shoals:1 | Identified the +1 helmet of Catz {Rampage rF+ MP+9}
 22030 | Shoals:1 | Found the +4 robe of Folly {Brill Will-∞ Int+8}
 22259 | Shoals:1 | Reached skill level 12 in Polearms
 22807 | Shoals:2 | Identified the +2 quarterstaff of the Bedazzled God {flame,
                  | rElec rPois rF- Dex+4}
 23339 | Shoals:2 | Reached XP level 17. HP: 88/95 MP: 36/36
 24113 | Shoals:3 | Reached skill level 10 in Armour
 24335 | Shoals:3 | Found a transporter.
 24340 | Shoals:3 | Found a transporter.
 24349 | Shoals:3 | Noticed Viqonant's ghost (journeyman SpHu)
 24352 | Shoals:3 | Noticed a kraken
 24933 | Shoals:3 | Noticed a kraken
 24995 | Shoals:3 | Killed a kraken
 25382 | Shoals:3 | Killed Viqonant's ghost
 25421 | Shoals:3 | Killed a kraken
 25422 | Shoals:3 | Reached skill level 13 in Polearms
 25524 | Shoals:3 | Identified the ring of the Stag {Will+ rCorr}
 25556 | Shoals:4 | Entered Level 4 of the Shoals
 25593 | Shoals:4 | Noticed Mlioglotl
 25618 | Shoals:4 | Reached skill level 1 in Shapeshifting
 25875 | Abyss:2  | Cast into level 2 of the Abyss (merfolk impaler)
 25952 | Abyss:2  | Noticed a tentacled starspawn
 25958 | Abyss:2  | Killed a tentacled starspawn
 26009 | Abyss:2  | Gained mutation: You occasionally shout uncontrollably at
                  | your foes. [a neqoxec]
 26096 | Abyss:2  | Noticed a lich
 26120 | Abyss:2  | Killed a lich
 26151 | Abyss:2  | Noticed an Executioner
 26165 | Abyss:2  | HP: 3/96 [Executioner (9)]
 26169 | Abyss:2  | HP: 1/96 [Executioner (1)]
 26173 | Abyss:2  | Killed an Executioner
 26175 | Abyss:2  | Reached skill level 5 in Shapeshifting
 26281 | Shoals:4 | Escaped the Abyss
 26505 | Shoals:4 | Reached XP level 18. HP: 101/101 MP: 37/37
 26702 | Abyss:3  | Cast into level 3 of the Abyss (merfolk impaler)
 26863 | Shoals:4 | Escaped the Abyss
 27101 | Shoals:4 | Reached skill level 14 in Polearms
 27490 | Shoals:4 | Got a barnacled rune of Zot
 27638 | Shoals:4 | Noticed a bone dragon
 27646 | Shoals:4 | Killed Mlioglotl
 27834 | Snake:1  | Entered Level 1 of the Snake Pit
 27898 | Snake:1  | Noticed Aizul
 27899 | Snake:1  | Found a transporter.
 27899 | Snake:1  | Killed Aizul
 27968 | Snake:1  | Found a transporter.
 28263 | Snake:1  | Found a transporter.
 28314 | Snake:1  | Found a transporter.
 28315 | Snake:1  | Found a transporter.
 28327 | Snake:1  | Found a transporter.
 28951 | Snake:2  | Identified the +2 whip of the Stork {drain, rF+ Will+}
 29679 | Snake:2  | Found Vaosches's Weapon Boutique.
 29679 | Snake:2  | Found Seror's Weapon Shop.
 30369 | Snake:3  | Found a shimmering blue altar of Sif Muna.
 30375 | Snake:3  | Identified the +2 scale mail of the Heavens {Int+2}
 30743 | Snake:2  | Reached skill level 10 in Shapeshifting
 30942 | Snake:3  | Reached skill level 15 in Polearms
 30951 | Snake:3  | Reached XP level 19. HP: 23/105 MP: 33/38
 31628 | Snake:3  | Noticed Mara
 31636 | Snake:3  | Noticed Ethylacetat's illusion
 31642 | Snake:3  | Killed Mara
 32396 | Snake:4  | Entered Level 4 of the Snake Pit
 32969 | Snake:4  | Noticed Donald
 32974 | Snake:4  | Killed Donald
 33932 | Snake:4  | Noticed Vashnia
 33937 | Snake:4  | Killed Vashnia
 34132 | Snake:4  | Reached skill level 16 in Polearms
 34222 | Snake:4  | Got a serpentine rune of Zot
 34668 | Vaults:1 | Entered Level 1 of the Vaults
 35157 | Vaults:1 | Reached XP level 20. HP: 110/110 MP: 39/39
 36494 | Vaults:2 | Noticed Boris
 36501 | Vaults:2 | Killed Boris
 36947 | Vaults:2 | Identified the +4 glaive "Turghip Ymipt" {freeze, rPois
                  | Will+ rCorr Int+2}
 37144 | Vaults:2 | Reached skill level 17 in Polearms
 37784 | Vaults:2 | Identified the +0 hand axe "Buwaem" {heavy, rElec rC+++ rN+
                  | Int-4}
 37937 | Vaults:3 | HP: 2/93 [vault warden/+1 battleaxe of flaming (11)]
 37937 | Vaults:3 | Slain by a vault warden

Illustrated notes

Levels and vault maps discovered:
D:1:      dpeg_arrival_orchard, layout_loops_ring, basic_ecumenical_altar
D:2:      layout_rooms
D:3:      layout_basic, beargit_hepliaklqana_dungeon_heroes
D:4:      layout_rooms, kennysheep_ying_yang, lemuel_tele_altar, minmay_puff,
          uniq_grinder
D:5:      layout_gridville, bloody_makhleb,
          minmay_temple_entry_statues_fountains
D:6:      layout_basic, grunt_decor_one_mirror
D:7:      layout_loops_corners, lemuel_crystal_altar, enter_ossuary_5
D:8:      layout_loops_corners, mainiacjoe_overflow_concentric_impassable,
          mainiacjoe_overflow_alcove_1, grunt_gozag_breadcrumbs
D:9:      layout_rooms, nzn_overflow_gifts_of_might_and_magic,
          mainiacjoe_overflow_24_doors, kennysheep_mini
D:10:     layout_small_grid, amethyst_overflow_temple_binary, enter_bailey_5,
          minmay_guarded_unrand_finisher, uniq_maurice, uniq_grum
D:11:     nicolae_BIG_FREAKIN_CUBE, layout_rooms
D:12:     layout_roguey, hiddenorc2_lemuel
D:13:     minmay_the_grid_four_pointed_star_mashed
          [minmay_the_grid_triangle_9x9_minimal,
          minmay_the_grid_triangle_9x9_swiss_cheese,
          minmay_the_grid_triangle_9x9_dagger,
          minmay_the_grid_triangle_9x9_corrupted_corridor,
          minmay_the_grid_prize_four_corners], layout_basic, serial_ice,
          serial_ice_c, serial_ice_o, serial_ice_b, serial_ice_m,
          maelrawn_ghost_gauntlet_escape, grunt_ministairs_10
D:14:     layout_small_grid, david_vaults_2, minmay_misc_feat_chi
D:15:     gammafunk_enter_depths_forms, layout_long_grid,
          kennysheep_pointless_box, minivault_23, trog_butcher_becter,
          uniq_nessos, uniq_rupert
Temple:   hellmonk_temple_of_storms
Lair:1:   layout_regular_city, grunt_megastairs_5, infiniplex_staircase_pool,
          lemuel_fruit_tree
Lair:2:   layout_hall_layers, gammafunk_ghost_berserking_beasts, wad_woods_02,
          uniq_amaemon
Lair:3:   layout_cellular_growth, elwin_shoals_entry_stream,
          minmay_snake_entry_guardpost_small, basic_altar, serial_bayou_shore_b,
          grunt_megastairs_2
Lair:4:   layout_cave_pods, minmay_slime_entry_oklob_enclosed,
          gammafunk_ghost_arena, hellmonk_guarded_unrand_seven_league_boots,
          uniq_kirke
Shoals:1: layout_shoals, nicolae_alphabet_shops, hangedman_shoals_cup_caves
Shoals:2: cheibrodos_shoals_three_sisters, layout_shoals,
          nicolae_shoals_hunting_party
Shoals:3: layout_shoals, ebering_ghost_davey_jones,
          nicolae_shoals_this_corrosion
Shoals:4: shoals_end_hangedman, layout_shoals, uniq_mlioglotl
Snake:1:  nicolae_snake_crotalidae_crossing, layout_misc_corridors,
          serial_nicolae_subway, nicolae_sub_station_stone,
          nicolae_sub_station_crystal, nicolae_sub_station_metal, uniq_aizul
Snake:2:  layout_chambers, st_stairs_7, minmay_shoptagon
Snake:3:  layout_layer_cave, basic_altar, uniq_mara
Snake:4:  grunt_snake_rune_serpentine_throne, layout_misc_corridors,
          grunt_megastairs_3, serial_bayou_shore_a, uniq_donald
Orc:1:    layout_diamond_mine
Orc:2:    grunt_orc_community_town_hall, layout_diamond_mine,
          grunt_orc_community_big_house_2, grunt_orc_community_big_house_1,
          grunt_orc_community_house_1, grunt_orc_community_house_1,
          grunt_orc_community_house_1, grunt_orc_community_house_1,
          uniq_josephine
Vaults:1: vaults_room_corners, nicolae_vaults_cornered_office,
          nicolae_vaults_ring_of_whatevers, nicolae_vaults_closet_pinwheel_1,
          nicolae_vaults_surprise_closet, hangedman_vaults_maws,
          nicolae_vaults_trapezoid_lopsided_1, layout_vaults_omnigrid
Vaults:2: nicolae_vaults_weapon_check, ontoclasm_vaults_misaligned,
          nicolae_vaults_angled_halls, nicolae_vaults_tetromino_Z_2,
          grunt_vaults_trifunnel, nicolae_vaults_hallways_thing, v_rooms_5,
          nicolae_vaults_little_squares_3, nicolae_vaults_storage_closets_1,
          v_misc_23, nicolae_vaults_enemy_cabinets, layout_vaults_maze_bifur,
          uniq_boris
Vaults:3: nicolae_vaults_spaceships, ontoclasm_vaults_tryst, vaults_room_grid,
          ontoclasm_vaults_ring_small, v_rooms_1, hangedman_vaults_trim,
          nicolae_vaults_inception_scallops, minmay_crypt_entry_simple_walls,
          v_misc_12, nicolae_vaults_wine_cellar, nicolae_vaults_diamond_1,
          v_misc_29, nicolae_vaults_tetromino_L_2, layout_vaults_big_cross

Skill      XL: |  1  2  3  4  5  6  7  8  9 10 11 12 13 14 15 16 17 18 19 20 |
---------------+-------------------------------------------------------------+-----
Fighting       | 3 4 5 6 7 8 9 10 11 12 13 | 13.8
Spellcasting   | 1 2 3 5 6 7 8 9 11 12 13 14 | 14.5
Unarmed Combat | 4 5 6 8 9 11 12 | 12.1
Dodging        | 3 4 5 |  5.2
Shields        | 2 3 |  3.4
Armour         | 2 4 6 7 9 10 | 10.1
Polearms       | 1 4 7 8 10 12 13 15 16 17 | 17.0
Translocations | 3 6 7 |  7.0
Shapeshifting  | 5 10 12 14 | 14.8

Action                     |  1- 3 |  4- 6 |  7- 9 | 10-12 | 13-15 | 16-18 | 19-21 || total
---------------------------+-------+-------+-------+-------+-------+-------+-------++-------
  Melee: Unarmed           |    53 |       |   216 |   324 |       |       |       ||   593
         Bite              |    24 |    36 |   148 |   256 |   305 |   475 |   327 ||  1571
         Whip              |    26 |    91 |   120 |   140 |       |       |       ||   377
         Kick              |       |       |       |   141 |   191 |       |       ||   332
         Scythe            |       |       |       |   250 |   996 |  1448 |   859 ||  3553
  Throw: Throwing net      |       |       |       |       |       |     3 |       ||     3
   Cast: Manifold Assault  |       |       |       |       |       |     1 |       ||     1
  Evoke: Wand              |       |       |     5 |    12 |    17 |    25 |       ||    59
         Lightning rod     |       |       |       |       |     6 |       |       ||     6
         Phantom mirror    |       |       |       |       |     1 |     1 |     1 ||     3
    Use: Scroll            |       |       |     6 |     2 |    16 |    11 |     8 ||    43
         Potion            |       |       |       |    12 |     2 |    11 |       ||    25
   Stab: Distracted        |       |       |     2 |     3 |     7 |    13 |    12 ||    37
         Invisible         |       |       |       |     6 |       |     1 |       ||     7
         Petrified         |       |       |       |       |     9 |       |       ||     9
         Petrifying        |       |       |       |       |     1 |       |       ||     1
 Armour: Robe              |    13 |       |       |       |       |       |       ||    13
         Chain mail        |       |    41 |   139 |   229 |   649 |   898 |   406 ||  2362
         Skin              |       |       |       |     9 |       |    26 |       ||    35
  Dodge: Dodged            |    43 |    23 |    96 |   237 |   511 |   666 |   280 ||  1856
         Repelled          |       |       |     1 |       |     7 |    36 |    26 ||    70
  Block: Orb               |       |     9 |    56 |       |       |       |       ||    65
         Buckler           |       |       |    46 |   335 |       |       |       ||   381
         Reflection        |       |       |     1 |     8 |    10 |    18 |    10 ||    47
         Other             |       |       |       |    42 |   220 |   294 |   132 ||   688

Table legend: (Time is in decaauts)
 A = Elapsed time spent in this place.
 B = Non-inter-level travel time spent in this place.
 C = Inter-level travel time spent in this place.
 D = Time resting spent in this place.
 E = Time spent auto-exploring this place.
 F = Levels seen in this place.
 G = Mean time per level.
                   A        B        C        D        E       F      G
               +--------+--------+--------+--------+--------+-----+--------+
         Total |  38116 |  35796 |   2320 |   1047 |  25722 |  37 | 1030.2 |
       Dungeon |  13143 |  12387 |    756 |    136 |   9386 |  15 |  876.2 |
        Temple |      1 |      1 |      0 |      0 |      0 |   1 |    1.0 |
          Lair |   5817 |   5145 |    672 |    120 |   4029 |   4 | 1454.2 |
        Shoals |   5886 |   5637 |    249 |    288 |   3458 |   4 | 1471.5 |
     Snake Pit |   6591 |   6309 |    282 |    311 |   4901 |   4 | 1647.8 |
  Orcish Mines |   2092 |   1818 |    274 |     30 |   1327 |   2 | 1046.0 |
        Vaults |   3078 |   2994 |     84 |    107 |   2280 |   3 | 1026.0 |
         Abyss |    547 |    547 |      0 |     39 |      8 |   2 |  273.5 |
       Ossuary |    292 |    292 |      0 |      0 |    147 |   1 |  292.0 |
        Bailey |    667 |    667 |      0 |     15 |    184 |   1 |  667.0 |
               +--------+--------+--------+--------+--------+-----+--------+

Top non-repeatable levels by time:
 Snake:4: 1967 daAuts
 Snake:2: 1940 daAuts
Shoals:4: 1698 daAuts
  Lair:4: 1690 daAuts
 Snake:3: 1665 daAuts
  Lair:3: 1608 daAuts
    D:13: 1595 daAuts
Shoals:3: 1565 daAuts
Vaults:1: 1541 daAuts
Shoals:1: 1538 daAuts
  Lair:2: 1527 daAuts
Vaults:2: 1493 daAuts
   Orc:2: 1315 daAuts
    D:15: 1167 daAuts
Shoals:2: 1083 daAuts
